 Dungeon Crawl Stone Soup version 0.29.1-13-g9f3cf754e1 (webtiles) character file.

Game seed: 5150907385128831639

201228 Wanderer2 the Spry (level 18, -7/180 HPs)
             Began as an Octopode Hedge Wizard on Jan 18, 2023.
             Was the Champion of Okawaru.
             Mangled by a starcursed mass (9 damage)
             ... while paralysed by accursed screaming
             ... on level 2 of the Abyss on Jan 21, 2023.
             The game lasted 07:50:50 (51847 turns).

Wanderer2 the Spry (Octopode Hedge Wizard)         Turns: 51847, Time: 07:50:50

Health: -7/180     AC: 10    Str: 19    XL:     18   Next: 98%
Magic:  34/34      EV:  2    Int: 20    God:    Okawaru [******]
Gold:   1429       SH:  0    Dex: 37    Spells: 3/27 levels left

rFire   . . .      SeeInvis +   y - +4 eveningstar (vamp)
rCold   + + .      Faith    .   w - +3 buckler "Hinu" {rCorr Int+3}
rNeg    + . .      Spirit   .   b - +1 hat of the Echidna {Dex+7 Stlth-}
rPois   +          Reflect  .   C - amulet of regeneration
rElec   .          Harm     .   X - +4 ring of protection
rCorr   +          Rampage  .   m - +4 ring of slaying
Will    +....                   v - ring of see invisible
Stlth   ..........              N - +6 ring of dexterity
HPRegen 1.20/turn               e - ring "Yloen" {rPois rC+ Str+5}
MPRegen 0.24/turn               l - ring "Ipaomy" {rC+ AC+4 Dex+6}
                                g - ring "Ogimedot" {rN+ MP+9 Str+4}
                                U - +4 ring of evasion

@: paralysed, berserking (expiring)
A: almost no armour, amphibious, 8 rings, camouflage 1, gelatinous body 1,
(nimble swimmer 1), tentacles, ([teleportitis 1])
a: Renounce Religion, Heroism, Finesse, Duel


You were on level 2 of the Abyss.
You worshipped Okawaru.
Okawaru was exalted by your worship.
You visited 8 branches of the dungeon, and saw 31 of its levels.
You visited the Abyss 2 times.
You also visited: Sewer, Bailey, Ice Cave and Wizlab.

You collected 3247 gold pieces.
You spent 1818 gold pieces at shops.

Inventory:

Hand Weapons
 n - the +12 war axe "Jellyslayer" {vorpal, Fragile Str+4 Dex+6}
   (You bought it in a shop on level 5 of the Dungeon)

   It inflicts extra damage upon your enemies.
   Str:       It affects your strength (+4).
   Dex:       It affects your dexterity (+6).
   Fragile:   It will be destroyed if unequipped.
 q - a +0 demon whip
 y - a +4 vampiric eveningstar (weapon)
 F - the +7 mace of the Equator {flame, rElec rN+ Str+3}
   (Okawaru gifted it to you on level 11 of the Dungeon)

   It burns those it strikes, dealing additional fire damage.
   Str:       It affects your strength (+3).
   rElec:     It insulates you from electricity.
   rN:        It protects you from negative energy.
 W - a +1 demon trident of freezing
Missiles
 o - 3 boomerangs of dispersal
 p - 31 poisoned darts (quivered)
 u - 4 curare-tipped darts
 R - 4 atropa-tipped darts
Armour
 b - the +1 hat of the Echidna (worn) {Dex+7 Stlth-}
   (Okawaru gifted it to you on level 13 of the Dungeon)

   Dex:       It affects your dexterity (+7).
   Stlth:     It makes you less stealthy.
 s - a +2 buckler of reflection
 w - the +3 buckler "Hinu" (worn) {rCorr Int+3}
   (Okawaru gifted it to you on level 1 of the Depths)

   Int:       It affects your intelligence (+3).
   rCorr:     It protects you from acid and corrosion.
Jewellery
 a - a ring of fire
 d - a ring of flight
 e - the ring "Yloen" (on tentacle) {rPois rC+ Str+5}
   (You acquired it on level 13 of the Dungeon)

   [ring of poison resistance]

   Str:       It affects your strength (+5).
   rC:        It protects you from cold.
   rPois:     It protects you from poison.
 g - the ring "Ogimedot" (on tentacle) {rN+ MP+9 Str+4}
   (You acquired it on level 9 of the Dungeon)

   [ring of magical power]

   Str:       It affects your strength (+4).
   rN:        It protects you from negative energy.
   MP:        It affects your magic capacity (+9).
 i - a ring of willpower
 l - the ring "Ipaomy" (on tentacle) {rC+ AC+4 Dex+6}
   (You acquired it on level 9 of the Dungeon)

   [ring of protection]

   AC:        It affects your AC (+4).
   Dex:       It affects your dexterity (+6).
   rC:        It protects you from cold.
 m - a +4 ring of slaying (right tentacle)
 r - a +6 ring of intelligence
 v - a ring of see invisible (on tentacle)
 x - a ring of magical power
 C - an amulet of regeneration (around mantle)
 D - a ring of willpower
 H - a +4 ring of slaying
 K - a ring of protection from cold
 N - a +6 ring of dexterity (on tentacle)
 S - a ring of magical power
 T - an amulet of magic regeneration
 U - a +4 ring of evasion (on tentacle)
 X - a +4 ring of protection (left tentacle)
 Y - a ring of protection from fire
Wands
 E - a wand of paralysis (45)
 O - a wand of digging (18)
 P - a wand of iceblast (27)
Scrolls
 f - 16 scrolls of identify
 h - 19 scrolls of teleportation
 k - 7 scrolls of blinking
 t - 3 scrolls of summoning
 I - a scroll of enchant weapon
 L - a scroll of vulnerability
 M - 4 scrolls of enchant armour
 Q - 5 scrolls of fear
Potions
 c - a potion of magic
 j - 19 potions of curing
 z - 6 potions of flight
 A - 3 potions of might
 B - a potion of mutation
 G - 7 potions of heal wounds
 J - 2 potions of haste


   Skills:
 - Level 10.0 Fighting
 - Level 12.0 Maces & Flails
 - Level 2.0 Polearms
 - Level 18.1 Dodging
 - Level 13.0 Stealth
 - Level 10.0 Shields
 - Level 5.0 Spellcasting
 + Level 13.5 Conjurations
 - Level 1.0 Summonings
 - Level 1.0 Translocations
 - Level 8.0 Transmutations
 - Level 1.0 Fire Magic
 - Level 4.0 Air Magic
 - Level 12.0 Earth Magic
 - Level 2.0 Invocations
 - Level 6.0 Evocations


You had 3 spell levels left.
You knew the following spells:

 Your Spells              Type           Power      Damage    Failure   Level
a - Magic Dart            Conj           100%       1d8       1%          1
b - Conjure Flame         Conj/Fire      34%        6-21      1%          3
c - Petrify               Tmut/Erth      45%        N/A       2%          4
e - Iron Shot             Conj/Erth      27%        9d6       11%         6
l - Iskenderun's Battles  Conj           56%        2d11      1%          5
q - Mephitic Cloud        Conj/Pois/Air  28%        N/A       3%          3
t - Blink                 Tloc           18%        N/A       14%         2

Your spell library contained the following spells:

 Spells                   Type           Power      Damage    Failure   Level
 Shock                    Conj/Air       100%       1d9       1%          1
 Searing Ray              Conj           100%       2d8       1%          2
 Swiftness                Air            21%        N/A       8%          3
 Necrotise                Necr           20%        1d5       14%         1
 Slow                     Hex            20%        N/A       14%         1
 Gell's Gravitas          Tloc           9%         N/A       26%         3
 Teleport Other           Tloc           9%         N/A       26%         3
 Portal Projectile        Hex/Tloc       14%        N/A       32%         3
 Confusing Touch          Hex            5%         N/A       38%         3
 Frozen Ramparts          Ice            10%        1d2       38%         3
 Vampiric Draining        Necr           5%         2d6       38%         3
 Fulminant Prism          Conj/Hex       16%        3d11      9%          4
 Leda's Liquefaction      Hex/Erth       14%        N/A       12%         4
 Airstrike                Air            10%        2d(2-18)  26%         4
 Ice Form                 Ice/Tmut       21%        N/A       26%         4
 Borgnjor's Vile Clutch   Necr/Erth      14%        N/A       32%         5
 Freezing Cloud           Conj/Ice/Air   14%        6-21      34%         5
 Statue Form              Tmut/Erth      30%        N/A       34%         6
 Orb of Destruction       Conj           28%        9d9       41%         7
 Alistair's Intoxication  Tmut/Pois      14%        N/A       58%         5
 Agony                    Necr           5%         N/A       98%         5
 Metabolic Englaciation   Hex/Ice        2%         N/A       98%         5
 Eringya's Noxious Bog    Tmut/Pois      10%        N/A       99%         6
 Dispersal                Tloc           4%         N/A       100%        6
 Disjunction              Tloc           4%         N/A       100%        8
 Call Imp                 Summ           Unusable   N/A       N/A         2
 Call Canine Familiar     Summ           Unusable   N/A       N/A         3
 Summon Guardian Golem    Hex/Summ       Unusable   N/A       N/A         3
 Tukima's Dance           Hex            Unusable   N/A       N/A         3
 Summon Ice Beast         Ice/Summ       Unusable   N/A       N/A         4
 Spellforged Servitor     Conj/Summ      Unusable   N/A       N/A         7
 Malign Gateway           Summ/Tloc      Unusable   N/A       N/A         7

Dungeon Overview and Level Annotations

Branches:
Dungeon (15/15)            Temple (1/1) D:4            Lair (5/5) D:11
  Swamp (1/4) Lair:2        Snake (4/4) Lair:3        Slime (0/5) Lair:4
    Orc (2/2) D:12            Elf (1/3) Orc:2        Vaults (0/5) D:13
 Depths (2/4) D:15          Sewer (visited)          Bailey (visited)
  IceCv (visited)          WizLab (visited)

Altars:
Ashenzari
Cheibriados
Dithmenos
Elyvilon
Fedhas
Gozag
Hepliaklqana
Kikubaaqudgha
Makhleb
Nemelex Xobeh
Okawaru
Qazlal
Ru
Sif Muna
Trog
Uskayaw
Vehumet
Wu Jian
Xom
Yredelemnul
Zin
The Shining One
Jiyva

Shops:
D:2 !   D:5 !*(:(   D:12 ?   D:15 [(!=?   Orc:2 (!:!   Snake:2 *?

Portals:
Hell: Depths:1
Pandemonium: Orc:2
Trove: D:11 (give +5 demon trident)

Annotations:
D:14 exclusions: crystal guardian, ettin and yaktaur captain, Snorg
D:15 exclusions: chaos spawn, hellwing, orange demon, red devil and sixfirhy
Lair:4 1 runed translucent door
Swamp:1 exclusion: 2 hogs
Snake:4 Vashnia
Orc:1 1 transporter
Elf:1 Zenata
Depths:1 exclusion: iron dragon


Innate Abilities, Weirdness & Mutations

You cannot wear most types of armour.
You are amphibious.
You can wear up to eight rings at the same time.
Your skin changes colour to match your surroundings (Stealth+).
Your rubbery body absorbs attacks. (AC +1, EV +1)
((You are camouflaged when in or above water. (Stealth+)))
You have tentacles for arms and can constrict up to eight enemies at once.
[((You are occasionally teleported next to monsters.))]


Message History

A starcursed mass splits. x2
You feel the corruption within you wane somewhat.
You feel a little less angry.
You feel a little more calm.
You thump the large abomination! You squeeze the large abomination!
The large abomination is moderately damaged.
A starcursed mass splits.
You barely miss the large abomination.
You squeeze the large abomination, but do no damage.
The large abomination is moderately damaged.
You block the large abomination's attack.
You sock the large abomination!
The large abomination is severely damaged.
A white imp comes into view.
The large abomination completely misses you.
You sock the large abomination! You squeeze the large abomination.
You destroy the large abomination!
Okawaru accepts your kill. The white imp gestures at you.
The puff of frost hits you. You resist.
A starcursed mass splits.
You impale the starcursed mass!!
You destroy the starcursed mass!
Okawaru accepts your kill.
A starcursed mass splits. x2
The starcursed mass completely misses you.
A cacophony of accursed wailing tears at your sanity!
* * * LOW HITPOINT WARNING * * *
You suddenly lose the ability to move!
The starcursed mass touches you but does no damage.
The starcursed mass touches you!
* * * LOW HITPOINT WARNING * * *
A cacophony of accursed wailing tears at your sanity!
* * * LOW HITPOINT WARNING * * *
You shrug off the repeated paralysis!
A starcursed mass splits.
The starcursed mass touches you.
* * * LOW HITPOINT WARNING * * *
The starcursed mass touches you!
* * * LOW HITPOINT WARNING * * *
The starcursed mass touches you!
You die...

. ...##......##
...............
................
............... .
............... .
................ .
................ ...
... #......# .....
.. .##@X....# . ..
......XXXX..........
.....X5XXXZ.... ....
.....XXX............
....X.XX......... ..
....5...............
............... ....
.....##......##. ...
...##...... #... .


You could see 15 starcursed masses, 2 white imps and a tengu reaver skeleton.

Vanquished Creatures
  A Head Instructor (WizLab)
  Saint Roka (Snake:4)
  A lich (Depths:1)
  A quicksilver dragon (WizLab)
  2 tengu reavers (WizLab)
  A fire giant (D:15)
  A draconian knight (WizLab)
  5 nagarajas (Snake:4)
  Donald (Snake:4)
  4 frost giants (Depths:1)
  Aizul (Lair:3)
  2 orc warlords
  3 very ugly things (Depths:1)
  A reaper (IceCv)
  2 stone giants (Depths:1)
  2 lorocyprocas (Abyss:2)
  3 spark wasps (Depths:1)
  An ettin (Depths:1)
  A spriggan zombie (Abyss:2)
  Josephine (D:10)
  3 jiangshi (Depths:1)
  An ice dragon (Depths:1)
  A salamander tyrant (Snake:4)
  4 vault guards
  4 hydras
  5 catoblepae
  3 spriggan air magi (WizLab)
  Erolcha (Orc:2)
  A ghost crab (Swamp:1)
  An ogre mage (WizLab)
  A demonspawn (Orc:2)
  12 naga warriors
  2 boulder beetles (D:12)
  11 anacondas
  3 alligators (Swamp:1)
  A dancing weapon (Orc:2)
  2 two-headed ogres
  6 centaur warriors
  6 death yaks
  A thrashing horror (Abyss:2)
  A death scarab (Depths:1)
  Urug (D:13)
  6 shock serpents
  2 tengu warriors (D:12)
  A vampire mage (Depths:1)
  4 deep elf knights
  4 orc high priests (Orc:2)
  Sonja (D:10)
  A soul eater (D:15)
  10 naga sharpshooters
  A death drake (Abyss:2)
  A titan skeleton (Depths:1)
  5 skeletal warriors (D:12)
  A wretched star (Abyss:2)
  A goliath frog (Swamp:1)
  2 salamander mystics (WizLab)
  A sixfirhy (D:15)
  5 sea snakes (Snake:4)
  5 naga ritualists
  7 starcursed masses (Abyss:2)
  3 deep elf archers (D:14)
  4 wizards
  2 bog bodies (Lair:2)
  7 deep elf pyromancers
  3 necromancers
  A lindwurm (Lair:2)
  6 orc knights
  10 mana vipers
  19 ugly things
  12 salamanders
  6 manticores
  7 orc sorcerers (Orc:2)
  A cyclops (shapeshifter) (D:14)
  An oklob plant (Lair:2)
  A large abomination (Abyss:2)
  A will-o-the-wisp (Swamp:1)
  2 ice statues (IceCv)
  17 elephants
  4 cyclopes
  Joseph (D:10)
  A stone giant skeleton (Depths:1)
  39 black mambas
  A black mamba (shapeshifter) (D:13)
  Maurice (D:8)
  Maggie (D:8)
  2 rust devils
  A smoke demon (D:15)
  3 gargoyles
  5 guardian serpents
  13 naga magi
  A torpor snail (Lair:5)
  A freezing wraith (D:14)
  A kobold demonologist (D:11)
  2 rime drakes (Lair:5)
  2 unseen horrors (D:11)
  4 komodo dragons
  8 cane toads
  A hellwing (Orc:2)
  9 ice devils
  4 tengu conjurers
  2 ancient zymes (Abyss:2)
  The ghost of jaiteiro the Shield-Bearer, an amateur TrFi of the Shining One (D:3)
  3 anaconda simulacra (IceCv)
  5 trolls
  2 red devils
  3 meliai (D:14)
  A polar bear (shapeshifter) (D:10)
  A tyrant leech (Swamp:1)
  A bloated husk (Swamp:1)
  Prince Ribbit (D:8)
  3 polar bears
  The ghost of jaiteiro the Shooter, an amateur BaAM (D:3)
  3 hornets
  3 blink frogs (Lair:3)
  16 slime creatures
  Sigmund (D:2)
  The ghost of FaviusArthum the Conjurer, an amateur DECj of Sif Muna (D:4)
  2 dire elephant simulacra (IceCv)
  A shadow (D:13)
  7 water elementals (Depths:1)
  2 spriggans
  5 ynoxinuls
  7 wraiths
  2 wyverns (Lair:5)
  9 basilisks
  A spriggan skeleton (Depths:1)
  Eustachio (D:4)
  68 yaks
  2 steam dragons (D:10)
  Grum (D:8)
  A chaos spawn (Abyss:2)
  A fire bat (Abyss:2)
  11 vampire mosquitoes
  Menkaure (D:6)
  2 harpy simulacra (IceCv)
  3 hydra simulacra (IceCv)
  7 wargs
  28 nagas
  4 acid dragons
  The ghost of kalagan the Conjurer, an amateur DECj (D:4)
  2 hell hounds (Lair:4)
  22 water moccasins
  Pargi (Sewer)
  A sky beast (D:6)
  45 orc warriors
  2 ice beasts (D:6)
  4 black bears
  5 ogres
  17 wolves
  5 small abominations (Abyss:2)
  13 centaurs
  2 kobold brigands (D:11)
  A phantom (D:6)
  11 bullfrogs
  A necrophage (D:4)
  An earth elemental (Elf:1)
  8 wights
  3 scorpions
  An elephant simulacrum (IceCv)
  5 killer bees (D:7)
  6 howler monkeys
  4 electric eels
  A lava snake (D:7)
  A jelly (D:6)
  A hound (D:5)
  35 orc priests
  A gnoll bouda (Lair:1)
  An iguana (D:7)
  A troll simulacrum (IceCv)
  23 orc wizards
  2 spriggan simulacra (IceCv)
  13 gnolls
  4 adders
  3 white imps
  6 worms
  101 orcs
  4 endoplasms
  3 giant cockroaches (D:4)
  22 goblins
  11 hobgoblins
  11 jackals
  10 kobolds
  4 quokkas
  2 ball pythons (D:1)
  6 bats
  5 frilled lizards
  7 rats
1025 creatures vanquished.

Vanquished Creatures (others)
  A black mamba (Snake:1)
  A slime creature (D:14)
  A vampire mosquito (D:14)
  2 demonic plants (D:15)
  2 foxfires (Swamp:1)
  23 fungi
  58 plants
88 creatures vanquished.

Grand Total: 1113 creatures vanquished

Notes
Turn   | Place    | Note
-------+----------+-------------------------------------------
     0 | D:1      | Wanderer2 the Octopode Hedge Wizard began the quest for the
                  | Orb.
     0 | D:1      | Reached XP level 1. HP: 11/11 MP: 4/4
   209 | D:1      | Reached XP level 2. HP: 17/17 MP: 3/6
   212 | D:1      | Learned a level 2 spell: Blink
   941 | D:2      | Found Pejeu's Distillery.
  1007 | D:2      | Bought a potion of curing for 36 gold pieces
  1101 | D:2      | Reached XP level 3. HP: 21/21 MP: 4/7
  1105 | D:2      | Learned a level 3 spell: Mephitic Cloud
  1212 | D:2      | Noticed Sigmund
  1307 | D:3      | Found a bloodstained altar of Trog.
  1377 | D:3      | Reached skill level 1 in Air Magic
  1451 | D:3      | Found a faded altar of an unknown god.
  1517 | D:3      | Found a glowing drain.
  1529 | Sewer    | Entered a sewer
  1592 | Sewer    | Noticed Pargi
  1609 | Sewer    | Got the Quarto of Inference
  1621 | Sewer    | Reached XP level 4. HP: 27/27 MP: 8/8
  1637 | Sewer    | Killed Pargi
  1638 | Sewer    | Reached XP level 5. HP: 24/31 MP: 2/9
  1642 | Sewer    | Learned a level 3 spell: Conjure Flame
  2106 | D:3      | Reached skill level 1 in Fire Magic
  2301 | D:4      | Noticed FaviusArthum's ghost (amateur DECj)
  2301 | D:4      | Noticed jaiteiro's ghost (amateur TrFi)
  2301 | D:4      | Noticed kalagan's ghost (amateur DECj)
  2301 | D:4      | Noticed jaiteiro's ghost (amateur BaAM)
  2301 | D:4      | Found a runed translucent gate.
  2301 | D:4      | Found a runed translucent gate.
  2301 | D:4      | Found a runed translucent gate.
  2385 | D:4      | Reached XP level 6. HP: 36/36 MP: 5/10
  2731 | D:4      | Noticed Eustachio
  2740 | D:4      | Killed Eustachio
  2754 | D:4      | Noticed a black bear
  2770 | D:4      | Killed a black bear
  2771 | D:4      | Reached XP level 7. HP: 29/41 MP: 0/11
  3148 | D:4      | Found a staircase to the Ecumenical Temple.
  3159 | Temple   | Entered the Ecumenical Temple
  3339 | Temple   | Became a worshipper of Warmaster Okawaru
  3380 | D:4      | Reached skill level 5 in Maces & Flails
  3884 | D:3      | Found a faded altar of an unknown god.
  4226 | D:3      | Found a bloodstained altar of Trog.
  4535 | D:2      | Killed Sigmund
  4600 | D:2      | Reached XP level 8. HP: 46/46 MP: 9/12
  4721 | D:5      | Entered Level 5 of the Dungeon
  4722 | D:5      | Found Qesiduk's General Store.
  4725 | D:5      | Found Lynase's Weapon Boutique.
  4730 | D:5      | Bought a scroll of identify for 28 gold pieces
  4775 | D:5      | Found Saduz's Book Emporium.
  4924 | D:5      | Reached * piety under Okawaru
  4957 | D:5      | Found Wosuesuo's Antique Weapon Emporium.
  5418 | D:5      | Found Tuiclofo's Distillery.
  5428 | D:5      | Bought a potion of heal wounds for 60 gold pieces
  5930 | D:6      | Noticed Menkaure
  6107 | D:6      | Reached skill level 1 in Fighting
  6145 | D:6      | Reached skill level 3 in Dodging
  6477 | D:6      | Reached skill level 4 in Dodging
  6477 | D:6      | Reached skill level 1 in Invocations
  6714 | D:6      | Reached XP level 9. HP: 53/53 MP: 10/13
  6755 | D:6      | Reached ** piety under Okawaru
  6756 | D:6      | Reached skill level 5 in Dodging
  7326 | D:7      | Reached skill level 6 in Dodging
  7697 | D:7      | Found a hide-covered altar of Uskayaw.
  8136 | D:8      | Noticed Grum
  8203 | D:8      | Reached skill level 7 in Dodging
  8392 | D:8      | Noticed Maurice
  8695 | D:8      | Killed Grum
  8696 | D:8      | Reached skill level 8 in Dodging
  8958 | D:8      | Noticed a hornet
  8967 | D:8      | Paralysed by a hornet for 3 turns
  8969 | D:8      | Noticed Maggie
  8972 | D:8      | Killed a hornet
  8973 | D:8      | Reached skill level 1 in Evocations
  8994 | D:8      | Killed Maggie
  8994 | D:8      | Reached *** piety under Okawaru
  8995 | D:8      | Reached skill level 5 in Stealth
  8995 | D:8      | Reached XP level 10. HP: 28/60 MP: 1/14
  9116 | D:8      | Noticed Prince Ribbit
  9331 | D:8      | Killed Prince Ribbit
  9332 | D:8      | Reached skill level 5 in Evocations
  9436 | D:8      | Killed Maurice
  9885 | D:9      | Reached skill level 9 in Dodging
 10123 | D:9      | Found an opulent altar of Gozag.
 10377 | D:9      | Reached **** piety under Okawaru
 10484 | D:9      | Noticed a manticore
 11269 | D:9      | Found a radiant altar of Vehumet.
 11272 | D:9      | Found a sparkling altar of Nemelex Xobeh.
 11276 | D:9      | Found a shadowy altar of Dithmenos.
 11777 | D:9      | Killed a manticore
 11777 | D:9      | Received a gift from Okawaru
 11928 | D:5      | Bought a steaming war axe for 144 gold pieces
 11928 | D:5      | Identified the +12 war axe "Jellyslayer" {vorpal, Fragile
                  | Str+4 Dex+6} (You bought it in a shop on level 5 of the
                  | Dungeon)
 12027 | D:2      | Bought a potion of flight for 36 gold pieces
 12027 | D:2      | Bought a potion of berserk rage for 60 gold pieces
 12027 | D:2      | Bought a potion of haste for 120 gold pieces
 12276 | D:10     | Entered Level 10 of the Dungeon
 12348 | D:10     | Noticed Joseph
 12370 | D:10     | Found a stormy altar of Qazlal.
 12397 | D:10     | Found a flagged portal.
 12456 | Bailey   | Entered a bailey
 12575 | Bailey   | Reached skill level 10 in Dodging
 12790 | Bailey   | Reached skill level 1 in Shields
 12886 | Bailey   | Noticed an orc knight
 12942 | Bailey   | Killed an orc knight
 13208 | Bailey   | Noticed an orc warlord
 13263 | Bailey   | Reached XP level 11. HP: 44/67 MP: 3/15
 13728 | Bailey   | Killed an orc warlord
 13728 | Bailey   | Reached ***** piety under Okawaru
 13729 | Bailey   | Reached skill level 11 in Dodging
 14033 | D:10     | Noticed Josephine
 14048 | D:10     | Reached skill level 5 in Shields
 14129 | D:10     | Noticed Sonja
 14138 | D:10     | Killed Sonja
 14218 | D:10     | Found an ornate altar of the Wu Jian Council.
 14240 | D:10     | Noticed a two-headed ogre
 14245 | D:10     | Killed a two-headed ogre
 14246 | D:10     | Reached skill level 5 in Fighting
 14802 | D:10     | Noticed a centaur warrior
 14803 | D:10     | Found a glowing golden altar of the Shining One.
 14822 | D:10     | Killed a centaur warrior
 14823 | D:10     | Reached skill level 12 in Dodging
 15276 | D:11     | Noticed a two-headed ogre
 15698 | D:11     | Noticed a red ugly thing
 16029 | D:10     | Killed a red ugly thing
 16682 | D:11     | Reached ****** piety under Okawaru
 16728 | D:11     | Found a staircase to the Lair.
 16742 | D:11     | Found a portal to a secret trove of treasure.
 16815 | D:11     | Noticed a purple ugly thing
 16871 | D:11     | Killed a purple ugly thing
 16872 | D:11     | Reached skill level 13 in Dodging
 16872 | D:11     | Reached XP level 12. HP: 56/77 MP: 7/16
 17116 | D:11     | Killed a two-headed ogre
 17116 | D:11     | Identified the +7 mace of the Equator {flame, rElec rN+
                  | Str+3} (Okawaru gifted it to you on level 11 of the
                  | Dungeon)
 17116 | D:11     | Received a gift from Okawaru
 17989 | D:12     | Found Kuattog's Magic Scroll Shoppe.
 17998 | D:12     | Bought a scroll of vulnerability for 60 gold pieces
 17998 | D:12     | Bought a scroll of magic mapping for 112 gold pieces
 17998 | D:12     | Bought a scroll of immolation for 60 gold pieces
 17998 | D:12     | Bought a scroll of identify for 30 gold pieces
 18529 | D:12     | Found a staircase to the Orcish Mines.
 18651 | D:12     | Reached skill level 5 in Conjurations
 18821 | D:12     | Noticed a boulder beetle
 18921 | D:12     | Killed a boulder beetle
 19646 | D:12     | Reached skill level 14 in Dodging
 19795 | D:12     | Received a gift from Okawaru
 19862 | D:12     | Upgraded the game from 0.29.1-12-g30fa7ad0bf to
                  | 0.29.1-13-g9f3cf754e1
 20007 | D:12     | Reached skill level 10 in Maces & Flails
 20349 | D:13     | Noticed a centaur warrior
 20544 | D:13     | Noticed a boulder beetle
 20545 | D:13     | Noticed a tengu warrior
 20554 | D:12     | Reached XP level 13. HP: 67/86 MP: 11/17
 20673 | D:13     | Found a hide-covered altar of Uskayaw.
 21133 | D:13     | Noticed a vault guard
 21257 | D:12     | HP: 4/86 [boulder beetle (29)]
 21482 | D:12     | Reached skill level 15 in Dodging
 21869 | D:12     | Found a staircase to the Orcish Mines.
 21920 | D:12     | Found Kuattog's Magic Scroll Shoppe.
 22445 | D:13     | Noticed a vault guard
 22481 | D:13     | Killed a vault guard
 22624 | D:13     | Noticed a vault guard
 22654 | D:13     | Noticed Urug
 22923 | D:4      | Killed FaviusArthum's ghost
 22940 | D:3      | Killed jaiteiro's ghost
 23041 | D:3      | Killed jaiteiro's ghost
 23041 | D:3      | Identified the +9 demon whip "Jejecvu" {spect, rCorr
                  | Stlth+} (Okawaru gifted it to you on level 3 of the
                  | Dungeon)
 23041 | D:3      | Received a gift from Okawaru
 23116 | D:4      | Killed kalagan's ghost
 23317 | D:4      | Found a staircase to the Ecumenical Temple.
 23786 | D:4      | Found a staircase to the Ecumenical Temple.
 24435 | D:6      | Killed Menkaure
 25085 | D:12     | Killed a vault guard
 25516 | D:13     | Killed Urug
 25723 | D:13     | Noticed a vault guard
 25789 | D:12     | Killed a vault guard
 26195 | D:13     | Found a gate to the Vaults.
 26547 | D:13     | Identified the +1 hat of the Echidna {Dex+7 Stlth-}
                  | (Okawaru gifted it to you on level 13 of the Dungeon)
 26547 | D:13     | Received a gift from Okawaru
 26562 | D:13     | Acquired the ring "Yloen" {rPois rC+ Str+5}
 26745 | D:13     | Killed a vault guard
 27083 | D:5      | Bought a potion of mutation for 96 gold pieces
 27712 | D:2      | Bought a potion of flight for 36 gold pieces
 27920 | D:9      | Acquired the ring "Ogimedot" {rN+ MP+9 Str+4}
 27922 | D:9      | Acquired the ring "Ipaomy" {rC+ AC+4 Dex+6}
 28183 | D:14     | Noticed a crystal guardian
 28275 | D:14     | Reached skill level 16 in Dodging
 28289 | D:13     | Reached skill level 1 in Transmutations
 28289 | D:13     | Reached skill level 1 in Earth Magic
 28430 | D:14     | Found an ancient bone altar of Kikubaaqudgha.
 28542 | D:14     | Reached XP level 14. HP: 70/92 MP: 20/20
 28830 | D:14     | Received a gift from Okawaru
 29342 | D:15     | Entered Level 15 of the Dungeon
 29342 | D:15     | Found Pionykhag's Armour Shop.
 29343 | D:15     | Found Satir's Jewellery Emporium.
 29344 | D:15     | Found Adeitios's Weapon Boutique.
 29500 | D:15     | Received a gift from Okawaru
 29554 | D:15     | Reached skill level 5 in Transmutations
 29554 | D:15     | Reached skill level 5 in Earth Magic
 29754 | D:15     | Found Eqoras's Distillery.
 29762 | D:15     | Bought a potion of might for 80 gold pieces
 29762 | D:15     | Bought a potion of degeneration for 20 gold pieces
 29762 | D:15     | Bought a potion of heal wounds for 100 gold pieces
 29772 | D:15     | Learned a level 4 spell: Petrify
 29883 | D:15     | Found a staircase to the Depths.
 29883 | D:15     | Noticed a fire giant
 29924 | D:15     | Found Wuats's Magic Scroll Emporium.
 29930 | D:15     | Bought a scroll of amnesia for 52 gold pieces
 29930 | D:15     | Bought a scroll of poison for 52 gold pieces
 29969 | D:14     | Noticed Snorg
 30366 | D:15     | Received a gift from Okawaru
 30871 | Lair:1   | Entered Level 1 of the Lair of Beasts
 30898 | Lair:1   | Found a frozen archway.
 30915 | IceCv    | Entered an ice cave
 31403 | IceCv    | Noticed a reaper
 31423 | IceCv    | Killed a reaper
 31423 | IceCv    | Received a gift from Okawaru
 32572 | Lair:2   | You fall into a shaft and drop 2 floors!
 32797 | Lair:4   | Found a runed translucent door.
 32798 | Lair:4   | Found a viscous altar of Jiyva.
 32983 | Lair:3   | Reached XP level 15. HP: 97/97 MP: 21/21
 33214 | Lair:3   | Reached skill level 10 in Stealth
 33280 | Lair:2   | Found a staircase to the Swamp.
 33290 | Lair:2   | Received a gift from Okawaru
 34659 | Lair:2   | Found a staircase to the Swamp.
 34789 | Lair:2   | Reached skill level 1 in Polearms
 35698 | Lair:3   | Found a staircase to the Snake Pit.
 36705 | Lair:4   | Found a staircase to the Slime Pits.
 36705 | Lair:4   | Noticed an azure jelly
 36705 | Lair:4   | Noticed an azure jelly
 36705 | Lair:4   | Noticed an azure jelly
 36987 | Lair:5   | Entered Level 5 of the Lair of Beasts
 37221 | Lair:5   | Identified the +5 buckler of Fallacy {*Slow rC++} (Okawaru
                  | gifted it to you on level 5 of the Lair of Beasts)
 37221 | Lair:5   | Received a gift from Okawaru
 37455 | Lair:5   | Identified the +1 ring mail of the Kettle-Drum {Dex+5}
 38055 | Lair:5   | Reached XP level 16. HP: 99/105 MP: 22/22
 38397 | Orc:1    | Entered Level 1 of the Orcish Mines
 38869 | Orc:1    | Found a transporter.
 38989 | Orc:2    | Entered Level 2 of the Orcish Mines
 39296 | Orc:2    | Found Tovagoma's Distillery.
 39297 | Orc:2    | Found Erifu's Distillery.
 39351 | Orc:2    | Noticed Erolcha
 39392 | Orc:2    | Killed Erolcha
 39455 | Orc:2    | Bought a potion of cancellation for 80 gold pieces
 39455 | Orc:2    | Bought a potion of lignification for 30 gold pieces
 39455 | Orc:2    | Bought a potion of brilliance for 40 gold pieces
 39455 | Orc:2    | Bought a potion of heal wounds for 50 gold pieces
 39457 | Orc:2    | Bought a potion of flight for 36 gold pieces
 39457 | Orc:2    | Bought a potion of heal wounds for 60 gold pieces
 39457 | Orc:2    | Bought a potion of heal wounds for 60 gold pieces
 39561 | Orc:2    | Reached skill level 17 in Dodging
 39567 | Orc:2    | Learned a level 5 spell: Iskenderun's Battlesphere
 39623 | Orc:2    | Found a staircase to the Elven Halls.
 39747 | Orc:2    | Found a shimmering altar of Xom.
 39814 | Orc:1    | Received a gift from Okawaru
 40083 | Orc:1    | Found a bloodstained altar of Trog.
 40083 | Orc:1    | Found the necklace of Bloodlust {*Rage Will++ Int-3 Slay+6}
 40505 | Orc:2    | Found Cegror's Antique Weapon Boutique.
 40505 | Orc:2    | Found Tunio's Book Shop.
 40506 | Orc:2    | Found a one-way gate leading to the halls of Pandemonium.
 40609 | Elf:1    | Entered Level 1 of the Elven Halls
 40620 | Elf:1    | Noticed Zenata
 40888 | Swamp:1  | Entered Level 1 of the Swamp
 41361 | Swamp:1  | Noticed a fenstrider witch
 41398 | Snake:1  | Entered Level 1 of the Snake Pit
 41573 | Snake:1  | Noticed Aizul
 41612 | Lair:3   | Killed Aizul
 42083 | Snake:1  | Identified the +1 ring mail of Juesogye {*Slow +Inv Regen+
                  | Slay+5}
 42699 | Snake:2  | Identified the +2 hat of the Circus Animal {Harm +Inv rN++
                  | Str-4} (Okawaru gifted it to you on level 2 of the Snake
                  | Pit)
 42699 | Snake:2  | Received a gift from Okawaru
 42754 | Snake:2  | Found Cesheqed's Magic Scroll Shop.
 42763 | Snake:2  | Found Waratyh's Assorted Antiques.
 42793 | Snake:2  | Reached XP level 17. HP: 109/109 MP: 23/23
 43010 | Snake:2  | Reached skill level 10 in Conjurations
 43847 | Snake:3  | Reached skill level 18 in Dodging
 44265 | Snake:3  | Identified the +1 plate armour of Uphet {rN+ Str+2 Int+2}
 44597 | Snake:4  | Entered Level 4 of the Snake Pit
 44641 | Snake:4  | Noticed Donald
 44655 | Snake:4  | Killed Donald
 44656 | Snake:4  | Reached skill level 10 in Earth Magic
 44667 | Snake:4  | Received a gift from Okawaru
 45915 | Snake:4  | Noticed Saint Roka
 45982 | Snake:4  | Killed Saint Roka
 46012 | Snake:4  | Reached XP level 18. HP: 111/117 MP: 14/24
 46421 | Snake:4  | Reached skill level 10 in Shields
 46455 | Snake:4  | Noticed Vashnia
 46869 | D:10     | Killed Joseph
 46890 | D:10     | Killed Josephine
 47058 | D:10     | Found an ornate altar of the Wu Jian Council.
 47133 | D:10     | Found a stormy altar of Qazlal.
 47213 | D:10     | Found a glowing golden altar of the Shining One.
 47524 | D:15     | Bought a ring of flight for 280 gold pieces
 47666 | Depths:1 | Entered Level 1 of the Depths
 47684 | Depths:1 | Identified the +3 buckler "Hinu" {rCorr Int+3} (Okawaru
                  | gifted it to you on level 1 of the Depths)
 47684 | Depths:1 | Received a gift from Okawaru
 47754 | Depths:1 | Noticed a lich
 47762 | Depths:1 | Killed a lich
 47948 | Depths:1 | Found a magical portal.
 47959 | Depths:1 | Learned a level 6 spell: Iron Shot
 47970 | WizLab   | Entered Yara's Duelist Academy
 48162 | Abyss:2  | Cast into level 2 of the Abyss (a wizard)
 48256 | Abyss:2  | Reached skill level 10 in Fighting
 48309 | WizLab   | Escaped the Abyss
 48449 | WizLab   | Noticed a quicksilver dragon
 48578 | WizLab   | Killed a quicksilver dragon
 48827 | WizLab   | Noticed Kaitet
 48846 | WizLab   | Killed Kaitet the Head Instructor
 49417 | WizLab   | Got Yara's Tractate on Ensorcelling
 50688 | Depths:1 | Received a gift from Okawaru
 50745 | Depths:1 | Found a gateway to Hell.
 51429 | Depths:1 | Reached skill level 5 in Spellcasting
 51561 | Abyss:2  | Cast into level 2 of the Abyss (a wizard)
 51822 | Abyss:2  | Paralysed by accursed screaming for 1 turns
 51827 | Abyss:2  | Paralysed by accursed screaming for 1 turns
 51845 | Abyss:2  | Paralysed by accursed screaming for 2 turns
 51847 | Abyss:2  | HP: 9/180 [starcursed mass (6)]
 51847 | Abyss:2  | HP: 2/180 [starcursed mass (7)]
 51847 | Abyss:2  | Mangled by a starcursed mass

Illustrated notes

Levels and vault maps discovered:
D:1:      saegor_arrival_under_anarchy, layout_basic
D:2:      layout_rooms, serial_shops, shop, uniq_sigmund
D:3:      layout_rooms, lightli_temple_of_fire, portal_sewer_entry_d,
          hellmonk_ecumenical_altar_heavens_door, chequers_hall_statues_wall_a,
          minivault_27
D:4:      layout_basic, minmay_temple_entry_waves, gammafunk_ghost_cemetery,
          hangedman_glass_teeth, uniq_eustachio
D:5:      layout_basic, serial_shops, shop_fountains, shop_statue,
          nicolae_shop_bloodbath_and_beyond, shop, shop, skrybe_limestone_x
D:6:      layout_loops_ring, uniq_menkaure
D:7:      layout_rooms, kennysheep_diamond
D:8:      layout_basic, uniq_prince_ribbit1, uniq_maurice, uniq_grum,
          uniq_maggie
D:9:      layout_stronghold, grunt_gozag_statues, grunt_temple_overflow_diamond,
          water_boxes_lemuel
D:10:     layout_roguey, nicolae_qazlal_general_emergency, enter_bailey_5,
          hangedman_feature_mirror, chequers_serial_rivers_micro_e, uniq_joseph,
          uniq_sonja, uniq_josephine
D:11:     layout_roguey, david_lair_generic, enter_trove_3,
          nicolae_kite_square_tiling_tiny, serial_bayou_pond_b
D:12:     layout_loops_ring, hiddenorc1_lemuel, serial_shops, shop, minivault_22
D:13:     layout_layer_cave, lightli_vaults_fourway_checkpoint,
          chequers_serial_rivers_large_a, dancing_weapons_uskayaw, uniq_urug
D:14:     layout_gridville, gauntlet_entry_generic, lemuel_tele_altar,
          minmay_diamond_spiral, uniq_snorg
D:15:     grunt_enter_depths_giant_problem, layout_loops_cross, serial_shops,
          nicolae_diamond_shop, nicolae_shop_hallway_stairs, shop, shop,
          shop_scrolls, hangedman_decor_opposing, serial_demonic,
          serial_demonic_b, serial_demonic_b, serial_demonic_a, serial_demonic_d
Temple:   nicolae_temple_slightly_damp_pantheon
Lair:1:   layout_cave_pods, portal_ice_cave_entry_pillars_1,
          dreamdust_gnoll_shepherd
Lair:2:   layout_cave_pods, skrybe_swamp_entry_bodies, minmay_lair_oklob_items
Lair:3:   layout_small_grid, minmay_snake_entry_six_corridors,
          minmay_stone_trees_small, chequers_serial_rivers_marsh
Lair:4:   layout_regular_city, slime_entry_2, enter_volcano_3, st_stairs_4,
          forest_entry_grove
Lair:5:   evilmike_catoblepas_cave, layout_gridlike,
          grunt_forest_small_clearing_treed
Swamp:1:  layout_basic_swamp, evilmike_swamp_ruin_house_4, uniq_kirke
Snake:1:  layout_grid_maze, uniq_aizul
Snake:2:  layout_onion_interference, minmay_shop_star
Snake:3:  layout_cave_town
Snake:4:  grunt_snake_rune_serpentine_throne, layout_rooms,
          serial_bayou_shore_a, grunt_megastairs_3, uniq_donald, uniq_vashnia,
          uniq_saint_roka
Orc:1:    emtedronai_trogs_sanctum, layout_caves
Orc:2:    pf_orc_diabolical, layout_caves, lemuel_statue_altar, uniq_erolcha
Elf:1:    eino_elf_arrival_shootout, layout_geoelf_grid, minmay_elf_sorcery,
          minivault_4, uniq_zenata
Depths:1: kennysheep_big_flooded_room, layout_gridville, fountainhead,
          grunt_hell_entry_dis_grunt, mu_enter_wizlab_7, hellmonk_scarab_ruin
Depths:2: cheibrodos_tormentor_scu, layout_basic, kennysheep_pointless_box,
          hell_entry, grunt_pan_entry_spiral, nicolae_stop_n_shop_2
Abyss:2:  base: Lair:1, evilmike_abyss_exit_12, lemuel_flamethrower_3, base:
          Lair:1, gammafunk_corrupted_shrine, base:
Volcano

Skill      XL: |  1  2  3  4  5  6  7  8  9 10 11 12 13 14 15 16 17 18 |
---------------+-------------------------------------------------------+-----
Conjurations   | 2 3 4 5 9 11 13 | 13.5
Air Magic      | 1 3 4 |  4.0
Maces & Flails | 2 4 6 8 10 12 | 12.0
Fire Magic     | 1 |  1.0
Fighting       | 1 2 3 5 7 8 10 | 10.0
Dodging        | 4 8 10 13 14 16 17 18 | 18.1
Invocations    | 2 |  2.0
Stealth        | 5 6 9 13 | 13.0
Evocations     | 3 5 6 |  6.0
Shields        | 2 5 6 7 8 9 10 | 10.0
Spellcasting   | 4 5 |  5.0
Transmutations | 2 7 8 |  8.0
Earth Magic    | 2 8 9 11 12 | 12.0
Polearms       | 2 |  2.0
Summonings     | |  1.0
Translocations | |  1.0

Action                   |  1- 3 |  4- 6 |  7- 9 | 10-12 | 13-15 | 16-18 || total
-------------------------+-------+-------+-------+-------+-------+-------++-------
Melee: Dagger            |    22 |       |       |       |       |       ||    22
       Constrict         |    12 |     6 |    35 |    95 |   111 |   189 ||   448
       Tentacles         |     6 |     6 |    53 |   179 |   323 |   469 ||  1036
       Whip              |    13 |    21 |   149 |   326 |       |       ||   509
       Spear             |       |       |     8 |       |       |       ||     8
       Punch             |       |       |     2 |    15 |    18 |    28 ||    63
       Halberd           |       |       |       |    20 |       |       ||    20
       Mace              |       |       |       |   162 |   966 |    26 ||  1154
       Eveningstar       |       |       |       |       |       |  1296 ||  1296
Throw: Dart              |       |       |       |       |     7 |       ||     7
 Cast: Magic Dart        |    52 |    52 |   117 |   246 |   126 |   238 ||   831
       Mephitic Cloud    |       |     6 |    23 |    93 |    62 |    28 ||   212
       Conjure Flame     |       |       |     7 |    43 |    57 |     4 ||   111
       Blink             |       |       |     1 |     5 |    16 |     2 ||    24
       Petrify           |       |       |       |       |     3 |    19 ||    22
       Iskenderun's Batt |       |       |       |       |       |    47 ||    47
       Iron Shot         |       |       |       |       |       |    23 ||    23
Invok: Heroism           |       |       |       |       |     4 |     5 ||     9
Evoke: Wand              |       |       |       |       |     6 |       ||     6
  Use: Scroll            |     3 |       |       |     6 |     6 |     4 ||    19
       Potion            |       |       |       |     1 |     2 |     5 ||     8
 Stab: Sleeping          |     7 |     1 |     2 |     3 |    19 |    39 ||    71
       Confused          |       |       |    10 |    55 |    45 |    26 ||   136
       Distracted        |       |       |       |       |     6 |     5 ||    11
       Petrified         |       |       |       |       |     6 |    25 ||    31
       Petrifying        |       |       |       |       |     2 |    12 ||    14
Armor: Skin              |     2 |     1 |     3 |     3 |    53 |    59 ||   121
Dodge: Dodged            |    15 |    16 |    57 |   261 |   847 |  1243 ||  2439
Block: Buckler           |       |       |       |       |   379 |   702 ||  1081
       Reflection        |       |       |       |       |    10 |    42 ||    52
